 Dungeon Crawl Stone Soup version 0.14-a0-586-g2535b90 (webtiles) character file.

225 Malachi the Vexing (level 4, -5/30 HPs)
             Began as a Vampire Enchanter on Nov 3, 2013.
             Slain by Crazy Yiuf
             ... wielding a +3,+4 quarterstaff of chaos
              (7 damage)
             ... while paralysed by Crazy Yiuf
             ... on Level 3 of the Dungeon.
             The game lasted 00:07:17 (3602 turns).

Malachi the Vexing (Vampire Enchanter)              Turns: 3602, Time: 00:07:18

HP  -5/30        AC  4     Str  7      XL: 4   Next: 61%
MP  13/17        EV  2     Int 18      God:
Gold 115         SH  0     Dex 14      Spells:  2 memorised,  1 level left

Res.Fire  : . . .   See Invis. : +   a - +1 dagger
Res.Cold  : . . .   Warding    : .   b - +1 robe
Life Prot.: + . .   Conserve   : .   (no shield)
Res.Poison: .       Res.Corr.  : .   (no helmet)
Res.Elec. : .       Clarity    : .   h - +0 cloak
Sust.Abil.: . .     Spirit.Shd : .   (no gloves)
Res.Mut.  : .       Stasis     : .   (no boots)
Res.Rott. : .       Flight     : .   (no amulet)
Saprovore : . . .                    (no ring)
                                     f - ring of magical power

@: paralysed, bonded with blade, slightly resistant to hostile enchantments,
stealthy
A: fangs 3, see invisible, unbreathing
a: Bat Form


You were on level 3 of the Dungeon.
You were not thirsty.

You visited 1 branch of the dungeon, and saw 3 of its levels.

You collected 115 gold pieces.

Inventory:

Hand weapons
 a - a +1,+1 dagger (weapon)
 n - a +4,+2 elven short sword
Missiles
 i - 8 tomahawks (quivered)
 p - 14 poisoned needles
Armour
 b - a +1 robe (worn)
 g - a +1 buckler of positive energy
 h - a +0 cloak (worn)
Scrolls
 d - a scroll of amnesia
 k - a scroll of blinking
Jewellery
 f - a ring of magical power (left hand)
Potions
 e - a potion of agility
 j - 2 potions of speed {unknown}
 o - a potion of brilliance {unknown}
 r - 4 potions of curing
 s - a potion of mutation {unknown}
 u - a potion of blood
Books
 c - a book of Maledictions

   Spells                             Type                      Level
   Corona                             Hexes                        1
   *Sure Blade                        Hexes/Charms                 2
   *Ensorcelled Hibernation           Hexes/Ice                    2
   Confuse                            Hexes                        3
   Enslavement                        Hexes                        4
   Invisibility                       Hexes                        6
Magical staves
 v - an uncursed staff of power


   Skills:
 * Level 2.3 Short Blades
 - Level 0.7 Throwing
 + Level 3.1 Dodging
 + Level 3.7 Stealth
 - Level 1.1 Spellcasting
 + Level 6.0 Hexes
 + Level 0.2 Ice Magic


You had one spell level left.
You knew the following spells:

 Your Spells              Type           Power        Failure   Level  Hunger
a - Sure Blade            Hex/Chrm       ##........   12%         2    ###....
b - Ensorcelled Hibernat  Hex/Ice        ##....       12%         2    ###....


Dungeon Overview and Level Annotations

Branches:
Dungeon (3/27)

Altars:

Annotations:
D:3 Crazy Yiuf


Innate Abilities, Weirdness & Mutations

You have razor-sharp teeth.*
You have supernaturally acute eyesight.
You can survive without breathing.*


Message History

Casting: Ensorcelled Hibernation
Confirm with . or Enter, or press ? or * to list all spells.
Aiming: Ensorcelled Hibernation
Press: ? - help, Shift-Dir - straight line, f - Crazy Yiuf
Aim: Crazy Yiuf, wielding a quarterstaff of chaos and wearing a cloak Crazy Yiuf looks drowsy...
The helpless Crazy Yiuf fails to defend himself.
You puncture Crazy Yiuf!
Crazy Yiuf is almost dead.
Crazy Yiuf hits you with a quarterstaff of chaos!
You are electrocuted!
Casting: Ensorcelled Hibernation
Confirm with . or Enter, or press ? or * to list all spells.
You become one with your weapon.
Crazy Yiuf hits you with a quarterstaff of chaos!
* * * LOW HITPOINT WARNING * * *
You suddenly lose the ability to move!
Crazy Yiuf sings, "Trees, trees, trees, circus!"
Crazy Yiuf hits you with a quarterstaff of chaos!
You die...

##### #...# ♣♣♣♣♣♣#
#...# ♣♣♣♣♣♣♣♣###
#...# ###
#♣♣♣.♣....###...#
#...#♣..♣......##...#
#...g@♣♣♣♣♣.........#
#)..#♣♣♣♣♣♣....##...#
########## ### #♣♣♣
♣♣♣#####...#
.........#
♣♣♣#####...##
.).......# #.)......
.........# ##########
########## #.# #.#
#.#


You could see Crazy Yiuf.

Vanquished Creatures
  An iguana (D:3)
  3 adders
  2 giant geckos (D:3)
  2 orcs (D:3)
  3 giant cockroaches
  A goblin (D:2)
  8 hobgoblins
  4 jackals (D:3)
  6 kobolds
  2 quokkas (D:3)
  5 ball pythons
  5 bats
  4 giant newts
  11 rats
  A fungus (D:1)
58 creatures vanquished.

Notes
Turn   | Place    | Note
--------------------------------------------------------------
     0 | D:1      | Malachi, the Vampire Enchanter, began the quest for the Orb.
     0 | D:1      | Reached XP level 1. HP: 13/13 MP: 4/4
  1013 | D:1      | Reached XP level 2. HP: 17/19 MP: 5/5
  1018 | D:1      | Learned a level 2 spell: Ensorcelled Hibernation
  1027 | D:1      | Reached skill level 5 in Hexes
  1836 | D:2      | Reached XP level 3. HP: 22/24 MP: 6/6
  2909 | D:3      | Learned a level 2 spell: Sure Blade
  3079 | D:3      | Reached skill level 6 in Hexes
  3079 | D:3      | Reached XP level 4. HP: 30/30 MP: 8/8
  3593 | D:3      | Noticed Crazy Yiuf
  3601 | D:3      | Paralysed by Crazy Yiuf for 6 turns
  3602 | D:3      | Slain by Crazy Yiuf

Action                   |  1- 3 |  4- 6 || total
-------------------------+-------+-------++-------
Melee: Dagger            |   193 |    39 ||   232
Throw: Dart              |    11 |       ||    11
 Cast: Corona            |    28 |       ||    28
       Sure Blade        |     2 |     6 ||     8
       Ensorcelled Hiber |     1 |     6 ||     7
  Use: Scroll            |     8 |       ||     8
 Stab: Sleeping          |     6 |     4 ||    10
